 Dungeon Crawl Stone Soup version 0.23.2-1-ga50397a6bc (webtiles) character file.

Game seed: 4703903607625335804

374 Gargoyl the Chopper (level 6, -4/51 HPs)
             Began as a Centaur Abyssal Knight on Apr 16, 2019.
             Was a Priest of Lugonu.
             Splashed by Ijyb's acid (9 damage)
             ... on level 5 of the Dungeon.
             The game lasted 00:05:34 (3151 turns).

Gargoyl the Chopper (Centaur Abyssal Knight)        Turns: 3151, Time: 00:05:34

Health: -4/51      AC: 12    Str: 15    XL:     6   Next: 43%
Magic:  8/8        EV:  3    Int: 11    God:    Lugonu [***...]
Gold:   205        SH:  0    Dex: 10    Spells: 5/5 levels left

rFire    . . .     SeeInvis .   a - +3 hand axe
rCold    . . .     Gourm    .   (no shield)
rNeg     . . .     Faith    .   f - +1 chain mail
rPois    .         Spirit   .   n - +0 helmet
rElec    .         Reflect  .   (no cloak)
rCorr    .         Harm     .   k - +0 pair of gloves
MR       .....                  b - +1 centaur barding
Stlth    ..........             (no amulet)
HPRegen  0.17/turn              (no ring)
MPRegen  0.11/turn              (no ring)

@: corroded, very quick
A: large, hooves 3, deformed body, speed 2, tough skin 3
a: Depart the Abyss, Bend Space, Banish, Renounce Religion


You were on level 5 of the Dungeon.
You worshipped Lugonu.
Lugonu was most pleased with you.
You were not hungry.

You visited 1 branch of the dungeon, and saw 5 of its levels.
You visited the Abyss 1 time.

You collected 205 gold pieces.

Inventory:

Hand Weapons
 a - a +3 hand axe (weapon)
Missiles
 q - 3 tomahawks (quivered)
Armour
 b - a +1 centaur barding (worn)
 f - a +1 chain mail (worn)
 k - a +0 pair of gloves (worn)
 n - a +0 helmet (worn)
Scrolls
 e - a scroll of amnesia
 g - 3 scrolls of teleportation
 i - a scroll of magic mapping
 m - a scroll of identify
Potions
 d - 2 potions of lignification
 h - 5 potions of curing
 j - 2 potions of magic {unknown}
 l - a potion of haste {unknown}
 o - a potion of heal wounds {unknown}
 p - 2 potions of invisibility {unknown}
 r - 2 potions of mutation {unknown}
 s - a potion of degeneration {unknown}
Comestibles
 c - 10 rations


   Skills:
 + Level 3.6 Fighting
 + Level 3.7 Axes
 * Level 2.9 Armour
 * Level 1.9 Dodging
 * Level 3.4 Invocations


You had 5 spell levels left.
You didn't know any spells.
Your spell library was empty.

Dungeon Overview and Level Annotations

Branches:
Dungeon (5/15)
 Temple: D:4-7

Altars:
Ashenzari
Fedhas
Makhleb
Xom
Yredelemnul
Zin

Shops:
D:4 =

Annotations:
D:5 Ijyb


Innate Abilities, Weirdness & Mutations

You have hooves in place of feet.
Armour fits poorly on your strangely shaped body.
You cover ground very quickly.
You have extremely tough skin. (AC +3)


Message History

Ijyb is moderately wounded.
Ijyb hits you but does no damage.
You closely miss Ijyb.
Ijyb is moderately wounded.
Ijyb hits you but does no damage. x2
You hit Ijyb.
Ijyb is heavily wounded.
Ijyb hits you but does no damage.
You hit Ijyb but do no damage.
Ijyb is heavily wounded.
Ijyb hits you but does no damage.
You hit Ijyb but do no damage. You kick Ijyb.
Ijyb is severely wounded.
Ijyb zaps a wand.
The bolt of acid hits you!!
You are splashed with acid!
You closely miss Ijyb.
Ijyb is severely wounded.
Ijyb zaps a wand.
The bolt of acid hits you!
* * * LOW HITPOINT WARNING * * *
The acid corrodes you!
You are splashed with acid!
You die...

##.##.......#
#...#......g#
##...##......#######
#.....#............#
#.....#......#####.#
###.#######..# #.#
##.# #.########.#
#...@gO....#
##.######### #.# #.#
#<# #.# #.# #.# #.#


You could see an ogre and Ijyb.

Vanquished Creatures
  A phantom (D:4)
  A jelly (D:5)
  An orc wizard (D:3)
  Robin (D:2)
  4 adders
  2 oozes
  2 adder skeletons (D:4)
  5 worms
  6 dart slugs
  3 leopard geckos
  10 orcs
  2 ball pythons
  7 bats
  5 giant cockroaches (D:2)
  18 goblins
  5 hobgoblins
  12 jackals
  4 quokkas
  6 frilled lizards
  7 kobolds
  2 leopard gecko skeletons (D:4)
  27 rats
131 creatures vanquished.

Notes
Turn   | Place    | Note
-------+----------+-------------------------------------------
     0 | Abyss:1  | Gargoyl the Centaur Abyssal Knight began the quest for the
                  | Orb.
     0 | Abyss:1  | Reached XP level 1. HP: 19/19 MP: 2/2
    51 | Abyss:2  | Noticed a shadow demon
    66 | Abyss:2  | Noticed a chaos spawn
    81 | Abyss:2  | Noticed a large abomination
   107 | Abyss:2  | Noticed a chaos spawn
   139 | Abyss:2  | Noticed a small abomination
   142 | Abyss:2  | Noticed a small abomination
   144 | D:1      | Escaped the Abyss
   348 | D:1      | Reached XP level 2. HP: 16/26 MP: 3/3
   357 | D:1      | Reached * piety under Lugonu
   694 | D:1      | Reached XP level 3. HP: 28/31 MP: 4/4
   891 | D:2      | Reached skill level 1 in Dodging
  1234 | D:2      | Reached ** piety under Lugonu
  1260 | D:2      | Reached XP level 4. HP: 37/38 MP: 5/5
  1550 | D:2      | Found a shimmering altar of Xom.
  1550 | D:2      | Found a burning altar of Makhleb.
  1618 | D:2      | Found a basalt altar of Yredelemnul.
  1621 | D:2      | Found a glowing silver altar of Zin.
  1857 | D:3      | Noticed Robin
  1861 | D:2      | Killed Robin
  1883 | D:2      | Reached XP level 5. HP: 36/45 MP: 7/7
  2109 | D:3      | Reached *** piety under Lugonu
  2361 | D:3      | Found a blossoming altar of Fedhas.
  2566 | D:4      | Noticed a phantom
  2605 | D:4      | Killed a phantom
  2605 | D:4      | Reached XP level 6. HP: 48/51 MP: 8/8
  2629 | D:4      | Found Feppibro's Jewellery Boutique.
  3026 | D:5      | Entered Level 5 of the Dungeon
  3036 | D:5      | Found a shattered altar of Ashenzari.
  3067 | D:5      | Noticed Ijyb
  3151 | D:5      | Splashed by Ijyb's acid

Skill      XL: |  1  2  3  4  5 |
---------------+----------------+-----
Axes           | 2 3 |  3.7
Dodging        | 1 |  1.9
Armour         | 2 |  2.9
Invocations    | 3 |  3.4
Fighting       | |  3.6

Action                   |  1- 3 |  4- 6 || total
-------------------------+-------+-------++-------
Melee: Hand axe          |   109 |   198 ||   307
       Kick              |    19 |    30 ||    49
Invok: Depart the Abyss  |     1 |       ||     1
  Use: Scroll            |    11 |     3 ||    14
  Eat: Chunk             |       |     6 ||     6
Armor: Chain mail        |   124 |   251 ||   375
Dodge: Dodged            |    30 |    39 ||    69
